 Dungeon Crawl Stone Soup version 0.29.1-15-g9cfb28693d (webtiles) character file.

Game seed: 7330090768288675027

2 monsoonserge the Trooper (level 1, -2/18 HPs)
             Began as a Formicid Abyssal Knight on Apr 26, 2023.
             Was a Believer of Lugonu.
             Frozen to death by an endoplasm (5 damage)
             ... on level 1 of the Dungeon.
             The game lasted 00:02:01 (103 turns).

monsoonserge the Trooper (Formicid Abyssal Knight)   Turns: 103, Time: 00:02:02

Health: -2/18      AC:  3    Str: 17    XL:     1   Next: 44%
Magic:  2/2        EV: 11    Int:  9    God:    Lugonu [**....]
Gold:   9          SH:  3    Dex: 14    Spells: 0/0 levels left

rFire   . . .      SeeInvis +   a - +1 mace
rCold   . . .      Faith    .   h - +0 buckler
rNeg    . . .      Spirit   .   b - +0 leather armour
rPois   .          Reflect  .   (helmet unavailable)
rElec   .          Harm     .   (no cloak)
rCorr   .          Rampage  .   (no gloves)
Will    .....                   (no boots)
Stlth   +.........              (no amulet)
HPRegen 0.06/turn               (no ring)
MPRegen 0.08/turn               (no ring)

@: no status effects
A: permanent stasis, dig shafts and tunnels, antennae 3, four strong arms
a: Dig, Shaft Self, Renounce Religion, Depart the Abyss, Bend Space


You were on level 1 of the Dungeon.
You worshipped Lugonu.
Lugonu was pleased with you.
You visited 1 branch of the dungeon, and saw 1 of its levels.
You visited the Abyss 1 time.

You collected 9 gold pieces.

Inventory:

Hand Weapons
 a - a +1 mace (weapon)
Missiles
 d - 7 stones
Armour
 b - a +0 leather armour (worn)
 h - a +0 buckler (worn)
Magical Staves
 c - a staff of poison
Scrolls
 e - a scroll of poison {unknown}
 f - a scroll of teleportation {unknown}
 g - a scroll of identify {unknown}


   Skills:
 + Level 3.3 Fighting
 + Level 2.1 Maces & Flails
 + Level 2.1 Armour
 + Level 0.8 Dodging
 * Level 2.2 Invocations


You couldn't memorise any spells.
You didn't know any spells.
Your spell library was empty.

Dungeon Overview and Level Annotations

Branches:
Dungeon (1/15)

Altars:


Innate Abilities, Weirdness & Mutations

You cannot be hasted, slowed, berserked, paralysed or teleported.
You can dig through walls and to a lower floor.
You have a pair of large antennae on your head. (SInv)
Your four strong arms can wield two-handed weapons with a shield.


Message History

An endoplasm and a bat come into view.
The bat barely misses you. x2
You see here a +0 buckler.
You completely miss the bat. The bat closely misses you. x2
You completely miss the bat. The bat barely misses you.
You hit the bat.
The bat is severely wounded.
The bat hits you but does no damage.
h - a +0 buckler The bat barely misses you.
You closely miss the bat.
The bat is moderately wounded.
The bat barely misses you. x2
The bat hits you but does no damage.
You barely miss the bat.
The bat is moderately wounded.
The endoplasm quivers.
The bat closely misses you. x2
You hit the bat.
You kill the bat!
Lugonu accepts your kill.
Okay, then.
You start putting on your armour.
You continue putting on your +0 buckler. x2
The endoplasm barely misses you.
You continue putting on your +0 buckler.
The endoplasm freezes you.
You are frozen.
You continue putting on your +0 buckler.
The endoplasm freezes you.
You are frozen.
You finish putting on your +0 buckler.
You hit the endoplasm.
The endoplasm is severely wounded.
The endoplasm freezes you.
You are frozen.
* * * LOW HITPOINT WARNING * * *
The endoplasm freezes you.
You are frozen.
You die...

##. .# #... ##. ...
#.. ..##.#
###.##.#####
#...$......#
#.#......#.#
###....@J....#
####....#.†..#..#
#....#..........#
#......#..#....# .
#.)..........#.# ...
#.......##...# #
.....##..............
.............#..#....
.......#.............#


You could see an endoplasm.

Vanquished Creatures
  A hobgoblin (D:1)
  A bat (D:1)
  A rat (D:1)
3 creatures vanquished.

Notes
Turn   | Place    | Note
-------+----------+-------------------------------------------
     0 | Abyss:1  | monsoonserge the Formicid Abyssal Knight began the quest
                  | for the Orb.
     0 | Abyss:1  | Reached XP level 1. HP: 18/18 MP: 2/2
     1 | Abyss:1  | Found a corrupted altar of Lugonu.
     5 | D:1      | Escaped the Abyss
   103 | D:1      | Frozen to death by an endoplasm

Illustrated notes

Levels and vault maps discovered:
D:1:      dpeg_arrival_tiny_i, layout_rooms, corexii_corridor_pit,
          minmay_misc_feat_more_columns

Action                   || total
-------------------------++-------
Melee: Mace              ||    11
Armor: Leather armour    ||     2
Dodge: Dodged            ||    13
